 Dungeon Crawl Stone Soup version 0.31-a0-182-gc5ef74bbde (webtiles) character file.

Game seed: 12014039792700652730

671 qw the Chopper (level 7, 0/43 HPs)
             Began as a Gargoyle Fighter on June 21, 2023.
             Was a Follower of Okawaru.
             Slain by a two-headed ogre
             ... wielding a +0 giant club
              (11 damage)
             ... on level 6 of the Dungeon.
             The game lasted 00:01:38 (4326 turns).

qw the Chopper (Gargoyle Fighter)                   Turns: 4326, Time: 00:01:38

Health: 0/43       AC: 17    Str: 22    XL:     7   Next: 58%
Magic:  7/8        EV:  6    Int:  8    God:    Okawaru [*.....]
Gold:   213        SH:  4    Dex:  9    Spells: 6/6 levels left

rFire   . . .        Y - +2 war axe
rCold   . . .        c - +0 buckler
rNeg    + . .        h - +1 plate armour
rPois   inf          (no helmet)
rElec   +            (no cloak)
rCorr   .            (no gloves)
SInv    .            (no boots)
Will    +....        (no amulet) Stlth
                     g - ring of willpower
HPRegen 0.27/turn    (no ring)
MPRegen 0.11/turn

%: no passive effects
@: no status effects
A: sickness immunity, AC +4, negative energy resistance 1, electricity
resistance, torment resistance 1, petrification resistance
a: Renounce Religion, Heroism


You were on level 6 of the Dungeon.
You worshipped Okawaru.
Okawaru was aware of your devotion.
You visited 2 branches of the dungeon, and saw 7 of its levels.

You collected 213 gold pieces.


Innate Abilities, Weirdness & Mutations

You are immune to sickness and miasma.
Your stone body is resilient. (AC +4)
You are immune to poison.
You resist negative energy. (rN+)
You are resistant to electric shocks. (rElec)
You are resistant to unholy torment.
You are immune to petrification.


   Skills:
 - Level 4.0 Fighting
 + Level 6.4 Axes
 - Level 2.1 Throwing
 - Level 3.2 Armour
 - Level 3.2 Shields
 + Level 2.4 Invocations


You had 6 spell levels left.
You didn't know any spells.
Your spell library was empty.

Inventory:

Hand Weapons
 k - a +1 hand axe of flaming
 Y - a +2 war axe (weapon)
Missiles
 a - 2 boomerangs (quivered)
 i - a silver javelin
Armour
 c - a +0 buckler (worn)
 h - a +1 plate armour (worn)
Jewellery
 e - a ring of ice
 g - a ring of willpower (left hand)
Wands
 j - a wand of digging (5)
Scrolls
 b - 2 scrolls of identify
Potions
 d - a potion of might
 f - a potion of enlightenment

Dungeon Overview and Level Annotations

Branches:
Dungeon (6/15)             Temple (1/1) D:4

Altars:
Ashenzari
Cheibriados
Dithmenos
Elyvilon
Fedhas
Gozag
Hepliaklqana
Kikubaaqudgha
Makhleb
Nemelex Xobeh
Okawaru
Qazlal
Ru
Sif Muna
Trog
Uskayaw
Vehumet
Wu Jian
Xom
Yredelemnul
Zin
The Shining One
Ignis
Jiyva
Lugonu

Shops:
D:1 [


Message History

The orc warrior is lightly wounded.
The orc warrior hits you with a +0 trident.
You barely miss the orc warrior.
The orc warrior is lightly wounded.
The orc warrior hits you but does no damage.
You barely miss the orc warrior.
The orc warrior is lightly wounded.
The orc warrior hits you with a +0 trident.
You slash the orc warrior!
The orc warrior is heavily wounded.
You block the orc warrior's attack.
You hit the orc warrior.
The orc warrior is severely wounded.
The orc warrior barely misses you.
A two-headed ogre comes into view. It is wielding two +0 giant clubs.
You closely miss the orc warrior.
The orc warrior is severely wounded.
You block the orc warrior's attack.
You closely miss the orc warrior.
The orc warrior is severely wounded.
The orc warrior barely misses you.
You slash the orc warrior!
The orc warrior is almost dead.
The orc warrior hits you with a +0 trident!
You slash the orc warrior!
You kill the orc warrior!
Okawaru is honoured by your kill.
Your base Throwing skill increases to level 2!
Your Invocations skill increases to level 2!
You barely miss the two-headed ogre. You slash the two-headed ogre!
The two-headed ogre is lightly wounded.
The two-headed ogre hits you with a +0 giant club!!
You block the two-headed ogre's attack.
You hit the two-headed ogre.
The two-headed ogre is moderately wounded.
You feel like a meek peon again. The two-headed ogre barely misses you.
The two-headed ogre hits you with a +0 giant club!
You die...

#..##
##..#...............
#...#
##.................
#...##
##...........%....
##...# ##...............
#...## ##..............
##...# ###..[..........
#...## ..##............
#...)###O####...##.###.#
####..)@........#.......
######.........##.###
......#.#.....
.....#...##.#
....#.#.#...
#.....#...##
##..#.#.#.#. ##.#...#...
#.#.#.#.#.


You could see a two-headed ogre.

Vanquished Creatures
  2 orc warriors
  A scorpion (D:5)
  2 jellies (D:4)
  A hound (D:5)
  2 iguanas (D:5)
  Terence (D:2)
  Natasha (D:2)
  An orc wizard (D:6)
  4 gnolls (D:4)
  6 adders
  A shadow imp (D:4)
  2 white imps
  2 dart slugs
  12 orcs
  6 ball pythons
  11 endoplasms
  4 giant cockroaches
  2 goblins
  8 hobgoblins
  7 jackals
  A quokka (D:4)
  4 bats
  5 frilled lizards
  4 kobolds
  2 rats (D:3)
92 creatures vanquished.

Notes
Turn   | Place    | Note
-------+----------+-------------------------------------------
     0 | D:1      | qw the Gargoyle Fighter began the quest for the Orb.
     0 | D:1      | Reached XP level 1. HP: 14/14 MP: 1/1
     0 | D:1      | 0 ||| qw: Version: 0.3-a-9-g12657ce
     0 | D:1      | 0 ||| qw: Game counter: 1557
     0 | D:1      | 0 ||| qw: Always use a shield: true
     0 | D:1      | 0 ||| qw: God list: Okawaru
     0 | D:1      | 0 ||| qw: Allow faded altars: false
     0 | D:1      | 0 ||| qw: Do Orc after D:15 true
     0 | D:1      | 0 ||| qw: Do second Lair branch before Depths: true
     0 | D:1      | 0 ||| qw: Lair rune preference: random
     0 | D:1      | 0 ||| qw: Plans: Normal, Zot:1-4, Slime:5, God:TSO, Crypt,
                  | Tomb, Abyss, Pan, Hells, Win
     0 | D:1      | 0 ||| PLANNING D:1-11
    96 | D:1      | Reached skill level 2 in Axes
   191 | D:1      | Found Ocufieha's Armour Emporium.
   199 | D:1      | 199 ||| SHOPLISTING +0 chain mail (63 gold, have 19).
   199 | D:1      | 199 ||| SHOPLISTING +0 scale mail of willpower (154 gold,
                  | have 19).
   199 | D:1      | 199 ||| SHOPLISTING +1 leather armour of cold resistance
                  | (196 gold, have 19).
   199 | D:1      | 199 ||| SHOPLISTING +9 plate armour of the Postmodern Tusks
                  | {rF+ Str+5} (1295 gold, have 19).
   253 | D:1      | Reached XP level 2. HP: 19/19 MP: 2/2
   376 | D:1      | 376 ||| DROPPING +0 club.
   674 | D:1      | 674 ||| READING scroll labelled KAESOA KIUCURERAE.
   675 | D:1      | 675 ||| READING scroll labelled PERYEX UTUERIN.
   676 | D:1      | 676 ||| READING scroll labelled JEOLULE HIZXA NEMU.
   677 | D:1      | 677 ||| READING scroll labelled UBEDUPR COHAH.
   678 | D:1      | 678 ||| DRINKING 2 yellow potions.
   679 | D:1      | 679 ||| DROPPING potion of brilliance.
   737 | D:2      | 737 ||| STAIRDANCE
   789 | D:2      | Reached skill level 3 in Axes
   896 | D:2      | Reached XP level 3. HP: 22/23 MP: 3/3
   925 | D:2      | Noticed Natasha
   929 | D:2      | Killed Natasha
   943 | D:2      | 943 ||| READING scroll of enchant weapon.
   943 | D:2      | 943 ||| ENCHANTING +1 war axe.
  1035 | D:2      | Reached XP level 4. HP: 28/28 MP: 4/4
  1050 | D:2      | 1050 ||| Stepping ~*~*~tactically~*~*~ (stealth).
  1105 | D:2      | Noticed Terence
  1109 | D:2      | Killed Terence
  1110 | D:2      | Reached skill level 4 in Axes
  1312 | D:2      | 1312 ||| DROPPING +3 leather armour.
  1313 | D:2      | 1313 ||| READING scroll labelled KIDAUM YROE.
  1314 | D:2      | 1314 ||| READING scroll labelled FITAAV UNOMATH.
  1315 | D:2      | 1315 ||| DRINKING 2 black potions.
  1316 | D:2      | 1316 ||| DRINKING 2 silvery potions.
  1317 | D:2      | 1317 ||| DROPPING potion of invisibility.
  1464 | D:3      | Found a faded altar of an unknown god.
  1465 | D:3      | 1465 ||| Stepping ~*~*~tactically~*~*~ (stealth).
  1468 | D:3      | 1468 ||| Stepping ~*~*~tactically~*~*~ (stealth).
  1475 | D:3      | 1475 ||| Stepping ~*~*~tactically~*~*~ (stealth).
  1500 | D:3      | 1500 ||| Stepping ~*~*~tactically~*~*~ (hiding).
  1557 | D:3      | 1557 ||| Stepping ~*~*~tactically~*~*~ (stealth).
  1567 | D:3      | Reached XP level 5. HP: 26/32 MP: 5/5
  2095 | D:3      | 2095 ||| UPGRADING to +0 plate armour.
  2105 | D:3      | 2105 ||| DROPPING +0 scale mail.
  2106 | D:3      | 2106 ||| UPGRADING to ring of willpower.
  2107 | D:3      | 2107 ||| READING scroll labelled LAIRPHO PIOX.
  2108 | D:3      | 2108 ||| READING scroll labelled MIZ HIAMNU FOMN.
  2147 | D:4      | Found a staircase to the Ecumenical Temple.
  2148 | D:4      | 2148 ||| PLANNING TEMPLE
  2158 | D:4      | 2158 ||| Stepping ~*~*~tactically~*~*~ (water).
  2161 | D:4      | Reached skill level 1 in Throwing
  2236 | Temple   | Entered the Ecumenical Temple
  2237 | Temple   | 2237 ||| PLANNING OKAWARU WORSHIP
  2293 | Temple   | Became a worshipper of Warmaster Okawaru
  2294 | Temple   | 2294 ||| PLANNING D:1-11
  2358 | D:4      | Reached skill level 5 in Axes
  2578 | D:4      | Reached XP level 6. HP: 34/38 MP: 6/6
  2616 | D:4      | 2616 ||| Stepping ~*~*~tactically~*~*~ (hiding).
  2630 | D:4      | HP: 6/38 [gnoll/+0 halberd (9)]
  3174 | D:5      | Entered Level 5 of the Dungeon
  3175 | D:5      | Noticed an orc warrior
  3185 | D:5      | Killed an orc warrior
  3347 | D:5      | Reached skill level 6 in Axes
  3391 | D:5      | 3391 ||| Stepping ~*~*~tactically~*~*~ (hiding).
  3399 | D:5      | Reached XP level 7. HP: 43/43 MP: 7/7
  3513 | D:5      | Reached * piety under Okawaru
  3931 | D:5      | Reached skill level 1 in Invocations
  4005 | D:5      | 4005 ||| READING scroll labelled VAOCOL ZUKHLIF.
  4054 | D:6      | 4054 ||| PLANNING OSSUARY
  4157 | D:6      | 4157 ||| READING scroll of enchant armour.
  4157 | D:6      | 4157 ||| ENCHANTING +0 plate armour.
  4291 | D:6      | 4291 ||| Stepping ~*~*~tactically~*~*~ (stealth).
  4312 | D:6      | 4312 ||| INVOKING Heroism.
  4319 | D:6      | Noticed a two-headed ogre
  4326 | D:6      | Slain by a two-headed ogre

Levels and vault maps discovered:
D:1:      matt_arrival_refuge, layout_loops_ring, serial_shops, shop
D:2:      layout_loops_cross, kennysheep_generic_room_5, uniq_terence,
          uniq_natasha
D:3:      layout_loops_ring, shapermc_ecumenical_altar_gd
D:4:      layout_basic, minmay_temple_entry_mist
D:5:      layout_loops_ring
D:6:      layout_basic, enter_ossuary_5, nicolae_concentric_dashed_squares_mild,
          minmay_manual_mandibuliform
Temple:   hellmonk_choose_your_character

Skill      XL: |  1  2  3  4  5  6  7 |
---------------+----------------------+-----
Axes           | 2 3 4 5 6 |  6.4
Throwing       | 1 2 |  2.1
Fighting       | 4 |  4.0
Invocations    | 2 |  2.4
Armour         | |  3.2
Shields        | |  3.2

Action                     |  1- 3 |  4- 6 |  7- 9 || total
---------------------------+-------+-------+-------++-------
  Melee: War axe           |    62 |   104 |    34 ||   200
  Throw: Javelin           |       |    30 |    11 ||    41
         Boomerang         |       |     1 |     7 ||     8
 Invoke: Heroism           |       |       |     1 ||     1
    Use: Scroll            |     5 |     4 |     2 ||    11
         Potion            |     1 |     2 |       ||     3
 Armour: Scale mail        |    28 |    34 |       ||    62
         Plate armour      |       |    32 |    15 ||    47
  Dodge: Dodged            |    26 |    38 |     6 ||    70
  Block: Buckler           |    13 |    21 |     5 ||    39

Table legend:
 A = Non-vault XP
 B = Vault XP
 C = Vault XP percentage of total XP
 D = Non-vault monster count
 E = Vault monster count
 F = Vault count percentage of total count
                 A         B        C        D         E       F
            +---------+---------+-------+---------+---------+-------
      Total |     749 |     210 |  21.9 |      85 |       7 |   7.6
            +---------+---------+-------+---------+---------+-------
        D:1 |      26 |       0 |   0.0 |      14 |       0 |   0.0
        D:2 |      32 |      74 |  69.8 |      12 |       5 |  29.4
        D:3 |      70 |       0 |   0.0 |      25 |       0 |   0.0
        D:4 |     186 |       0 |   0.0 |      16 |       0 |   0.0
        D:5 |     374 |       0 |   0.0 |      14 |       0 |   0.0
        D:6 |      61 |     136 |  69.0 |       4 |       2 |  33.3
            +---------+---------+-------+---------+---------+-------
